PBL
AMARILLO THUNDERHEADS @ VICTORIA CAPITALS
09/13/2048
 
TOP OF THE 1ST
Amarillo ThunderHeads batting - Pitching for Victoria Capitals : RHP Ron Skiles
Pitching: RHP Ron Skiles
Batting: RHB Evan Fry 0-0: Ball
1-0: Foul Ball, location: 2F
1-1: Swinging Strike
1-2: Strikes out looking
Batting: RHB Ryan Salas 0-0: Ball
1-0: Ball
2-0: Foul Ball, location: 2F
2-1: Foul Ball, location: 2F
2-2: Ball
3-2: Base on Balls
Batting: LHB Danny Moreno 0-0: Ball
1-0: Swinging Strike
1-1: Ball
2-1: Swinging Strike
2-2: Foul Ball, location: 2F
2-2: Foul Ball, location: 2F
2-2: Ball
3-2: Strikes out swinging
Batting: RHB Robert Topete 0-0: Swinging Strike
0-1: Called Strike
0-2: Strikes out looking
Top of the 1st over - 0 runs, 0 hits, 0 errors, 1 left on base; Amarillo 0 - Victoria 0
BOTTOM OF THE 1ST
Victoria Capitals batting - Pitching for Amarillo ThunderHeads : RHP Marty Nelson
Pitching: RHP Marty Nelson
Batting: LHB Addisu Nyamekye 0-0: Called Strike
0-1: Called Strike
0-2: Foul Ball, location: 2F
0-2: Ball
1-2: Ball
2-2: Foul Ball, location: 2F
2-2: SOLO HOME RUN (Flyball, 9D, EV 101.2 MPH), Distance : 400 ft
Batting: RHB Jesus Santiago 0-0: Foul Ball, location: 2F
0-1: Ball
1-1: Foul Ball, location: 2F
1-2: Ball
2-2: DOUBLE (Line Drive, 9LM, EV 99.4 MPH)
Batting: LHB Taki Matsui 0-0: Swinging Strike
0-1: Foul Ball, location: 2F
0-2: Ball
1-2: Foul Ball, location: 2F
1-2: Strikes out swinging
Batting: RHB Ross Hallock 0-0: Foul Ball, location: 2F
0-1: Ball
1-1: Foul Ball, location: 2F
1-2: Ball
2-2: Foul Ball, location: 2F
2-2: Ball
3-2: 2-RUN HOME RUN (Flyball, 7LD, EV 97.5 MPH), Distance : 371 ft
Batting: RHB Rich Griffith 0-0: Ball
1-0: Called Strike
1-1: Foul Ball, location: 2F
1-2: Foul Ball, location: 2F
1-2: Hit by Pitch
Batting: LHB Matt Hepburn 0-0: Called Strike
0-1: Ball
1-1: Called Strike
Rich Griffith is caught stealing 2nd base 2-6
1-2: Strikes out swinging
Bottom of the 1st over - 3 runs, 3 hits, 0 errors, 0 left on base; Amarillo 0 - Victoria 3
TOP OF THE 2ND
Amarillo ThunderHeads batting - Pitching for Victoria Capitals : RHP Ron Skiles
Batting: LHB Alex Rivera 0-0: Foul Ball, location: 2F
0-1: Foul Ball, location: 2F
0-2: Ball
1-2: Foul Ball, location: 2F
1-2: Foul Ball, location: 2F
1-2: SINGLE (Flyball, 4D, EV 83.1 MPH)
Batting: LHB Carlos Guajardo 0-0: Ball
1-0: Ground out 5-3 (Groundball, 5L, EV 96.2 MPH)
Alex Rivera to second
Batting: RHB Pat Martin 0-0: Ball
1-0: Ball
2-0: Foul Ball, location: 2F
2-1: Foul Ball, location: 2F
2-2: Ball
3-2: Base on Balls
Batting: RHB Jorge Balderama 0-0: Called Strike
0-1: Ball
1-1: Ball
2-1: Foul Ball, location: 2F
2-2: Hit by Pitch
Alex Rivera to third
Pat Martin to second
Batting: RHB Eddie Vanderjagt 0-0: Foul Ball, location: 2F
0-1: Called Strike
0-2: Ball
1-2: Strikes out swinging
Batting: RHB Evan Fry 0-0: Ball
1-0: Foul Ball, location: 2F
1-1: Foul Ball, location: 2F
1-2: Foul Ball, location: 2F
1-2: Strikes out swinging
Top of the 2nd over - 0 runs, 1 hit, 0 errors, 3 left on base; Amarillo 0 - Victoria 3
BOTTOM OF THE 2ND
Victoria Capitals batting - Pitching for Amarillo ThunderHeads : RHP Marty Nelson
Batting: RHB Steve Carmichael 0-0: Foul Ball, location: 2F
0-1: Swinging Strike
0-2: Ball
1-2: Strikes out swinging
Batting: RHB Neal Perucci 0-0: Foul Ball, location: 2F
0-1: Ball
1-1: Foul Ball, location: 2F
1-2: Fly out, F9 (Line Drive, 9, EV 91.9 MPH)
Batting: LHB Rick Harrison 0-0: Called Strike
0-1: Foul Ball, location: 2F
0-2: Ground out 4-3 (Groundball, 4, EV 76.9 MPH)
Bottom of the 2nd over - 0 runs, 0 hits, 0 errors, 0 left on base; Amarillo 0 - Victoria 3
TOP OF THE 3RD
Amarillo ThunderHeads batting - Pitching for Victoria Capitals : RHP Ron Skiles
Batting: RHB Ryan Salas 0-0: Ball
1-0: Ball
2-0: Ball
3-0: Called Strike
3-1: Base on Balls
Batting: LHB Danny Moreno 0-0: Called Strike
0-1: Swinging Strike
0-2: Foul Ball, location: 2F
0-2: Ball
1-2: Ball
2-2: Ball
3-2: Foul Ball, location: 2F
3-2: Fly out, F9 (Flyball, 9S, EV 88.8 MPH)
Batting: RHB Robert Topete 0-0: Ball
1-0: Ball
2-0: Called Strike
2-1: Swinging Strike
2-2: Foul Ball, location: 2F
2-2: Strikes out swinging
Batting: LHB Alex Rivera 0-0: Ball
1-0: Foul Ball, location: 2F
1-1: Foul Ball, location: 2F
1-2: Foul Ball, location: 2F
1-2: Strikes out swinging
Top of the 3rd over - 0 runs, 0 hits, 0 errors, 1 left on base; Amarillo 0 - Victoria 3
BOTTOM OF THE 3RD
Victoria Capitals batting - Pitching for Amarillo ThunderHeads : RHP Marty Nelson
Batting: LHB Addisu Nyamekye 0-0: Ball
1-0: Foul Ball, location: 2F
1-1: Called Strike
1-2: Ball
2-2: Strikes out swinging
Batting: RHB Jesus Santiago 0-0: Ball
1-0: Ball
2-0: Ball
3-0: Base on Balls
Batting: LHB Taki Matsui 0-0: Ball
1-0: Ball
2-0: Ball
3-0: Base on Balls
Jesus Santiago to second
Batting: RHB Ross Hallock 0-0: Ball
1-0: Foul Ball, location: 2F
1-1: Called Strike
1-2: Ball
2-2: Foul Ball, location: 2F
2-2: Ball
3-2: SINGLE (Flyball, 4D, EV 90.6 MPH)
Jesus Santiago to third
Taki Matsui to second
Batting: RHB Rich Griffith 0-0: Ball
1-0: Ball
2-0: Foul Ball, location: 2F
2-1: Fly out, F7 (Flyball, 7D, EV 84.4 MPH)
Runner from 3rd tags up, SCORES, throw by LF
Taki Matsui to third
Batting: LHB Matt Hepburn 0-0: Called Strike
0-1: Ball
1-1: Swinging Strike
1-2: Ball
2-2: Hit by Pitch
Ross Hallock to second
Batting: RHB Steve Carmichael 0-0: Ball
1-0: Called Strike
1-1: Foul Ball, location: 2F
1-2: Ball
2-2: Ball
3-2: DOUBLE (Line Drive, 7LM, EV 115.0 MPH)
Taki Matsui scores
Ross Hallock scores
Matt Hepburn to third
Matt Hepburn scores
Pitching: RHP Chris Marrone
Batting: RHB Neal Perucci 0-0: Called Strike
0-1: Swinging Strike
0-2: Ball
1-2: Foul Ball, location: 2F
1-2: Foul Ball, location: 2F
1-2: Ground out 6-3 (Groundball, 6, EV 103.8 MPH)
Bottom of the 3rd over - 4 runs, 2 hits, 0 errors, 1 left on base; Amarillo 0 - Victoria 7
TOP OF THE 4TH
Amarillo ThunderHeads batting - Pitching for Victoria Capitals : RHP Ron Skiles
Batting: LHB Carlos Guajardo 0-0: Ground out 4-3 (Groundball, 4, EV 83.8 MPH)
Batting: RHB Pat Martin 0-0: Called Strike
0-1: Called Strike
0-2: Strikes out swinging, 2-3 out at first.
Batting: RHB Jorge Balderama 0-0: Called Strike
0-1: Ball
1-1: Swinging Strike
1-2: Ball
2-2: Strikes out swinging
Top of the 4th over - 0 runs, 0 hits, 0 errors, 0 left on base; Amarillo 0 - Victoria 7
BOTTOM OF THE 4TH
Victoria Capitals batting - Pitching for Amarillo ThunderHeads : RHP Chris Marrone
Batting: LHB Rick Harrison 0-0: Ball
1-0: Ball
2-0: Ball
3-0: Base on Balls
Batting: LHB Addisu Nyamekye 0-0: Swinging Strike
0-1: Ball
1-1: Ball
2-1: Swinging Strike
2-2: Foul Ball, location: 2F
2-2: Ball
3-2: Base on Balls
Rick Harrison to second
Batting: RHB Jesus Santiago 0-0: Ball
1-0: Ball
2-0: Ball
3-0: Called Strike
3-1: Called Strike
3-2: Fielders Choice at 2nd, 1-4 (Groundball, 15S, EV 71.9 MPH)
Rick Harrison to third
Batting: LHB Taki Matsui 0-0: Called Strike
0-1: Foul Ball, location: 2F
0-2: Ball
1-2: Strikes out looking
Batting: RHB Ross Hallock 0-0: Foul Ball, location: 2F
0-1: Foul Ball, location: 2F
0-2: Ball
1-2: Ball
2-2: Ball
3-2: 3-RUN HOME RUN (Flyball, 7D, EV 110.0 MPH), Distance : 430 ft
Batting: RHB Rich Griffith 0-0: Called Strike
0-1: Ball
1-1: Foul Ball, location: 2F
1-2: SOLO HOME RUN (Flyball, 7LD, EV 101.9 MPH), Distance : 398 ft
Batting: LHB Matt Hepburn 0-0: Foul Ball, location: 2F
0-1: Ball
1-1: Ball
2-1: Foul Ball, location: 2F
2-2: Strikes out swinging
Bottom of the 4th over - 4 runs, 2 hits, 0 errors, 0 left on base; Amarillo 0 - Victoria 11
TOP OF THE 5TH
Amarillo ThunderHeads batting - Pitching for Victoria Capitals : RHP Ron Skiles
Batting: RHB Eddie Vanderjagt 0-0: Ball
1-0: Called Strike
1-1: Ball
2-1: Foul Ball, location: 2F
2-2: SINGLE (Flyball, 8RS, EV 89.4 MPH)
Pitching: LHP Matt Lee
Batting: RHB Evan Fry 0-0: Called Strike
0-1: Swinging Strike
0-2: Strikes out swinging
Batting: RHB Ryan Salas 0-0: Foul Ball, location: 2F
0-1: Foul Ball, location: 2F
0-2: Ball
1-2: Strikes out swinging
Batting: LHB Danny Moreno 0-0: Ball
1-0: Foul Ball, location: 2F
1-1: Called Strike
1-2: Strikes out swinging
Top of the 5th over - 0 runs, 1 hit, 0 errors, 1 left on base; Amarillo 0 - Victoria 11
BOTTOM OF THE 5TH
Victoria Capitals batting - Pitching for Amarillo ThunderHeads : RHP Chris Marrone
Batting: RHB Steve Carmichael 0-0: Ball
1-0: Fly out, F5 (Line Drive, 5L, EV 71.2 MPH)
Batting: RHB Neal Perucci 0-0: Ball
1-0: Called Strike
1-1: Ball
2-1: Foul Ball, location: 2F
2-2: Foul Ball, location: 2F
2-2: Foul Ball, location: 2F
2-2: Ball
3-2: Foul Ball, location: 2F
3-2: Foul Ball, location: 2F
3-2: SINGLE (Groundball, 6MD, EV 96.9 MPH)
Batting: LHB Rick Harrison 0-0: Called Strike
0-1: 2-RUN HOME RUN (Flyball, 7LD, EV 108.1 MPH), Distance : 402 ft
Pitching: RHP Erik Myers
Batting: LHB Addisu Nyamekye 0-0: Ball
1-0: Ball
2-0: Foul Ball, location: 2F
2-1: Swinging Strike
2-2: Ball
3-2: Ground out 5-3 (Groundball, 5L, EV 84.4 MPH)
Batting: RHB Jesus Santiago 0-0: Ball
1-0: Ball
2-0: Ball
3-0: Base on Balls
Batting: LHB Taki Matsui 0-0: Foul Ball, location: 2F
0-1: Foul Ball, location: 2F
0-2: 2-RUN HOME RUN (Flyball, 7D, EV 102.5 MPH), Distance : 391 ft
Batting: RHB Ross Hallock 0-0: Called Strike
0-1: Ball
1-1: Ball
2-1: Foul Ball, location: 2F
2-2: Foul Ball, location: 2F
2-2: Foul Ball, location: 2F
2-2: Ground out 6-3 (Groundball, 6, EV 78.8 MPH)
Bottom of the 5th over - 4 runs, 3 hits, 0 errors, 0 left on base; Amarillo 0 - Victoria 15
TOP OF THE 6TH
Amarillo ThunderHeads batting - Pitching for Victoria Capitals : LHP Matt Lee
Batting: RHB Robert Topete 0-0: Fly out, F8 (Line Drive, 89M, EV 85.6 MPH)
Batting: LHB Alex Rivera 0-0: Fly out, F8 (Flyball, 89M, EV 89.4 MPH)
Batting: LHB Carlos Guajardo 0-0: Ball
1-0: Called Strike
1-1: Swinging Strike
1-2: Ball
2-2: Strikes out swinging
Top of the 6th over - 0 runs, 0 hits, 0 errors, 0 left on base; Amarillo 0 - Victoria 15
BOTTOM OF THE 6TH
Victoria Capitals batting - Pitching for Amarillo ThunderHeads : RHP Erik Myers
Batting: RHB Rich Griffith 0-0: Ball
1-0: Ball
2-0: Called Strike
2-1: Foul Ball, location: 2F
2-2: Ball
3-2: Base on Balls
Batting: LHB Matt Hepburn 0-0: Called Strike
0-1: Ball
1-1: Called Strike
1-2: Fly out, F8 (Flyball, 8LD, EV 101.2 MPH)
Batting: RHB Steve Carmichael 0-0: Called Strike
0-1: Foul Ball, location: 2F
0-2: Ball
1-2: Strikes out swinging
Batting: RHB Neal Perucci 0-0: Called Strike
0-1: Ball
1-1: Foul Ball, location: 2F
1-2: Ball
2-2: 2-RUN HOME RUN (Flyball, 8RXD, EV 110.0 MPH), Distance : 439 ft
Batting: LHB Rick Harrison 0-0: Ball
1-0: Ball
2-0: Foul Ball, location: 2F
2-1: Foul Ball, location: 2F
2-2: Ball
3-2: Ground out 6-3 (Groundball, 56, EV 106.2 MPH)
Bottom of the 6th over - 2 runs, 1 hit, 0 errors, 0 left on base; Amarillo 0 - Victoria 17
TOP OF THE 7TH
Amarillo ThunderHeads batting - Pitching for Victoria Capitals : LHP Matt Lee
Batting: RHB Pat Martin 0-0: Ball
1-0: Called Strike
1-1: Ball
2-1: Foul Ball, location: 2F
2-2: Strikes out swinging
Pinch Hitting: RHB Bill Flannery 0-0: Called Strike
0-1: Swinging Strike
0-2: Ball
1-2: Ground out 5-3 (Groundball, 15, EV 81.2 MPH)
Pinch Hitting: RHB Eric Juarez 0-0: SINGLE (Flyball, 8RS, EV 90.6 MPH)
Batting: RHB Evan Fry 0-0: Ball
1-0: Ball
2-0: Swinging Strike
2-1: Fly out, F9 (Flyball, 89M, EV 96.2 MPH)
Top of the 7th over - 0 runs, 1 hit, 0 errors, 1 left on base; Amarillo 0 - Victoria 17
BOTTOM OF THE 7TH
Victoria Capitals batting - Pitching for Amarillo ThunderHeads : RHP Erik Myers
Now at 3B: Bill Flannery
Now in LF: Eric Juarez
Batting: LHB Addisu Nyamekye 0-0: Ball
1-0: Foul Ball, location: 2F
1-1: Ball
2-1: Foul Ball, location: 2F
2-2: Foul Ball, location: 2F
2-2: Strikes out swinging
Batting: RHB Jesus Santiago 0-0: Ball
1-0: Foul Ball, location: 2F
1-1: Ball
2-1: Ball
3-1: Base on Balls
Pitching: RHP Gustavo Vargas
Batting: LHB Taki Matsui 0-0: Ball
1-0: Ball
2-0: Ground out U3 (Groundball, 34S, EV 70.6 MPH)
Jesus Santiago to second
Batting: RHB Ross Hallock 0-0: Foul Ball, location: 2F
0-1: Ball
1-1: Ball
2-1: Foul Ball, location: 2F
2-2: Strikes out swinging
Bottom of the 7th over - 0 runs, 0 hits, 0 errors, 1 left on base; Amarillo 0 - Victoria 17
TOP OF THE 8TH
Amarillo ThunderHeads batting - Pitching for Victoria Capitals : LHP Matt Lee
Batting: RHB Ryan Salas 0-0: Foul Ball, location: 2F
0-1: Ball
1-1: Foul Ball, location: 2F
1-2: Strikes out swinging
Pinch Hitting: LHB Mike Gruszewski 0-0: Ball
1-0: Called Strike
1-1: Foul Ball, location: 2F
1-2: Strikes out looking
Batting: RHB Robert Topete 0-0: Called Strike
0-1: Swinging Strike
0-2: Foul Ball, location: 2F
0-2: Foul Ball, location: 2F
0-2: Fly out, F9 (Flyball, 9, EV 88.8 MPH)
Top of the 8th over - 0 runs, 0 hits, 0 errors, 0 left on base; Amarillo 0 - Victoria 17
BOTTOM OF THE 8TH
Victoria Capitals batting - Pitching for Amarillo ThunderHeads : RHP Gustavo Vargas
Now in RF: Mike Gruszewski
Batting: RHB Rich Griffith 0-0: Foul Ball, location: 2F
0-1: Swinging Strike
0-2: Foul Ball, location: 2F
0-2: Strikes out swinging
Batting: LHB Matt Hepburn 0-0: Foul Ball, location: 2F
0-1: Ball
1-1: Foul Ball, location: 2F
1-2: Strikes out swinging
Batting: RHB Steve Carmichael 0-0: Ball
1-0: Fly out, F8 (Flyball, 8LS, EV 78.1 MPH)
Bottom of the 8th over - 0 runs, 0 hits, 0 errors, 0 left on base; Amarillo 0 - Victoria 17
TOP OF THE 9TH
Amarillo ThunderHeads batting - Pitching for Victoria Capitals : LHP Matt Lee
Pitching: RHP Yen-nien Luo
Pinch Hitting: RHB Nick Hernandes 0-0: Ball
1-0: Ball
2-0: Ball
3-0: Foul Ball, location: 2F
3-1: DOUBLE (Line Drive, 78D, EV 111.9 MPH)
Batting: LHB Carlos Guajardo 0-0: Ball
1-0: Reached on error, E4 (Groundball, 4, EV 85.0 MPH)
Nick Hernandes scores
Batting: RHB Pat Martin 0-0: Ball
1-0: Called Strike
1-1: Foul Ball, location: 2F
1-2: Ball
2-2: Strikes out swinging
Batting: RHB Bill Flannery 0-0: Foul Ball, location: 2F
0-1: Called Strike
0-2: Foul Ball, location: 2F
0-2: Strikes out looking
Batting: RHB Eric Juarez 0-0: Ball
1-0: Called Strike
1-1: Called Strike
1-2: Fly out, F8 (Flyball, 78M, EV 88.1 MPH)
Top of the 9th over - 1 run, 1 hit, 1 error, 1 left on base; Amarillo 1 - Victoria 17
Tuesday, March 28th , 2023 - OOTP Baseball 23.10 Build 110